 Dungeon Crawl Stone Soup version 0.30.1-1-g62c8e00024 (webtiles) character file.

Game seed: 6090522366311786157

89 ANNNA the Trooper (level 4, -8/41 HPs)
             Began as a Minotaur Berserker on July 15, 2023.
             Was a Believer of Trog.
             Killed from afar by an orc wizard (10 damage)
             ... with a magic dart
             ... on level 3 of the Dungeon.
             The game lasted 00:05:53 (1914 turns).

ANNNA the Trooper (Minotaur Berserker)              Turns: 1914, Time: 00:05:54

Health: -8/41      AC:  5    Str: 24    XL:     4   Next: 31%
Magic:  3/3        EV: 11    Int:  4    God:    Trog [**....]
Gold:   114        SH:  0    Dex:  9    Spells: 3/3 levels left

rFire   . . .        a - +0 hand axe
rCold   . . .        (no shield)
rNeg    + . .        b - +0 ring mail
rPois   .            (helmet restricted)
rElec   .            (no cloak)
rCorr   .            (no gloves)
SInv    .            (no boots)
Will    .....        (no amulet) Stlth
                     g - ring of positive energy
HPRegen 0.26/turn    (no ring)
MPRegen 0.08/turn

%: no passive effects
@: confused
A: horns 2, retaliatory headbutt
a: Renounce Religion, Berserk, Trog's Hand


You were on level 3 of the Dungeon.
You worshipped Trog.
Trog was pleased with you.
You visited 1 branch of the dungeon, and saw 3 of its levels.

You collected 114 gold pieces.

Inventory:

Hand Weapons
 a - a +0 hand axe (weapon)
Missiles
 e - 7 stones (quivered)
Armour
 b - a +0 ring mail (worn)
Jewellery
 g - a ring of positive energy (left hand)
Wands
 n - a wand of paralysis (11)
Scrolls
 h - a scroll of torment {unknown}
 i - 2 scrolls of acquirement {unknown}
 j - a scroll of enchant weapon {unknown}
 k - 2 scrolls of amnesia {unknown}
 o - a scroll of noise {unknown}
 q - 2 scrolls of identify {unknown}
Potions
 c - 2 potions of curing {unknown}
 d - a potion of flight {unknown}
 f - 2 potions of haste {unknown}
 l - a potion of lignification {unknown}
 m - 2 potions of invisibility {unknown}
 p - a potion of mutation {unknown}


   Skills:
 * Level 4.4 Fighting
 * Level 4.4 Axes
 * Level 3.4 Armour
 * Level 3.1 Dodging
 + Level 0.0 Stealth


You had 3 spell levels left.
You didn't know any spells.
Your spell library was empty.

Dungeon Overview and Level Annotations

Branches:
Dungeon (3/15)

Altars:
Dithmenos


Innate Abilities, Weirdness & Mutations

You have a pair of horns on your head.
You reflexively headbutt those who attack you in melee.


Message History

The orc wizard flickers and vanishes!
Unknown command.
You bump into the rock wall.
Something hits you but does no damage. x2
Something hits you but does no damage.
You feel less confused. Something hits you but does no damage.
You miss something. You barely miss something.
You hear some strange, mumbled words.
You are confused.
Something hits you.
* * * LOW HITPOINT WARNING * * *
You are too confused!
You bump into the rock wall.
Something hits you.
* * * LOW HITPOINT WARNING * * *
Something hits you but does no damage.
You barely miss something. Your headbutt misses something.
You hit something but do no damage. Something hits you.
* * * LOW HITPOINT WARNING * * *
Something hits you.
* * * LOW HITPOINT WARNING * * *
You closely miss something. Your headbutt misses something.
You completely miss something. Something hits you.
* * * LOW HITPOINT WARNING * * *
You hear some strange, mumbled words.
A magic dart appears from out of thin air!
The magic dart hits you.
* * * LOW HITPOINT WARNING * * *
You barely miss something. You hit something.
Something hits you but does no damage. Something hits you.
* * * LOW HITPOINT WARNING * * *
Unknown command.
You're too confused to move!
You hear some strange, mumbled words.
A magic dart appears from out of thin air!
The magic dart hits you.
* * * LOW HITPOINT WARNING * * *
You hear some strange, mumbled words.
A magic dart appears from out of thin air!
The magic dart hits you!
You die...

#.......####
.# #.....).#
.# #.....).#
#.......#
#.......#
#.......#
#.......###
#.{.........
#@{....#####
###.........
##########


There were no monsters in sight!

Vanquished Creatures
  A gnoll (D:1)
  An adder (D:2)
  A worm (D:2)
  A dart slug (D:1)
  2 orcs (D:3)
  10 ball pythons
  7 bats
  5 endoplasms
  2 giant cockroaches (D:3)
  6 goblins
  3 hobgoblins
  4 jackals (D:2)
  2 quokkas
  7 frilled lizards
  9 kobolds
  4 rats
65 creatures vanquished.

Notes
Turn   | Place    | Note
-------+----------+-------------------------------------------
     0 | D:1      | ANNNA the Minotaur Berserker began the quest for the Orb.
     0 | D:1      | Reached XP level 1. HP: 19/19 MP: 0/0
    65 | D:1      | Reached XP level 2. HP: 17/27 MP: 1/1
   366 | D:1      | Reached XP level 3. HP: 30/33 MP: 2/2
   475 | D:1      | Found a faded altar of an unknown god.
   622 | D:1      | Reached ** piety under Trog
  1214 | D:2      | Found a shadowy altar of Dithmenos.
  1276 | D:2      | Reached XP level 4. HP: 41/41 MP: 3/3
  1914 | D:3      | HP: 2/41 [something/magic dart (4)]
  1914 | D:3      | Killed from afar by an orc wizard

Illustrated notes

Levels and vault maps discovered:
D:1:      lightli_arrival_statue_moat, layout_rooms,
          shapermc_ecumenical_altar_ellora
D:2:      layout_loops_ring, basic_altar
D:3:      layout_basic, uniq_robin

Skill      XL: |  1  2  3 |
---------------+----------+-----
Fighting       | 4 |  4.4
Axes           | 4 |  4.4
Armour         | 3 |  3.4
Dodging        | 3 |  3.1

Action                     |  1- 3 |  4- 6 || total
---------------------------+-------+-------++-------
  Melee: Hand axe          |    85 |    49 ||   134
         Headbutt          |    11 |     3 ||    14
   Stab: Sleeping          |     1 |       ||     1
 Armour: Animal skin       |    12 |       ||    12
         Ring mail         |       |    37 ||    37
  Dodge: Dodged            |    63 |    30 ||    93
